Map: Ever Dream LE

Players

Serral - Winner!

  • Race: Zerg Zerg
  • Spawn Location: 7:00

INnoVation

  • Race: Terran Terran
  • Spawn Location: 1:00

Event: StayAtHomestory Cup #2

VOD

Have the link to the VOD?

Description

Time

  • Played on: June 13, 2020, 7:37 a.m.
  • Length: 13:43

All games in this series

Show
View Real Time Build Order
Export as new Build Order

Serral Zerg - Winner!

Build Orders: Hatch First, Muta Ling Bane 

Get SALT Encoding   

  12  0:00  Drone  
  13  0:13  Overlord  
  13  0:17  Drone  
  14  0:31  Drone x2  
  16  0:47  Hatchery  
  15  0:51  Drone  
  15  0:55  Drone  
  17  0:58  Drone  
  18  1:09  Extractor  
  17  1:13  Spawning Pool  
  17  1:16  Drone  
  17  1:19  Drone  
  18  1:28  Drone  
  19  1:39  Drone  
  20  1:58  Overlord  
  20  1:59  Queen x2  
  25  2:01  Zergling x4  
  26  2:10  Drone  
  26  2:11  Drone  
  26  2:13  Metabolic Boost  
  28  2:21  Drone  
  28  2:22  Drone  
  30  2:34  Spore Crawler  
  29  2:42  Drone x2, Hatchery  
  31  2:48  Queen  
  33  2:53  Overlord  
  33  2:56  Drone  
  33  2:58  Drone  
  35  3:00  Drone  
  36  3:12  Drone x4  
  40  3:14  Overlord  
  40  3:16  Drone  
  40  3:19  Drone  
  42  3:23  Queen  
  44  3:28  Overlord  
  44  3:30  Overlord  
  44  3:40  Drone  
  45  3:41  Drone  
  45  3:42  Zergling x2  
  45  3:44  Zergling x2  
  45  3:45  Drone  
  49  3:49  Drone  
  49  3:53  Zergling x2  
  49  3:54  Queen  
  49  3:55  Zergling x2  
  53  3:57  Drone x3  
  53  4:00  Queen  
  58  4:03  Overlord  
  58  4:05  Zergling x2  
  59  4:11  Drone  
  59  4:12  Drone x2  
  59  4:14  Zergling x2  
  59  4:15  Overlord  
  63  4:17  Lair  
  63  4:23  Overlord  
  63  4:24  Zergling x2  
  64  4:27  Drone  
  64  4:29  Baneling Nest  
  64  4:30  Extractor, Drone  
  64  4:31  Drone  
  65  4:33  Queen  
  65  4:37  Zergling x2  
  65  4:38  Drone x2  
  70  4:43  Queen  
  70  4:45  Drone x2  
  74  4:48  Drone  
  74  4:50  Zergling x2, Overlord  
  74  4:52  Zergling x2  
  77  4:53  Drone  
  77  4:57  Drone x2  
  80  5:02  Extractor, Zergling x2  
  80  5:04  Overlord  
  80  5:05  Drone x4  
  84  5:07  Spore Crawler  
  84  5:09  Spore Crawler  
  84  5:11  Spore Crawler  
  81  5:16  Queen  
  81  5:19  Spire  
  81  5:20  Baneling  
  82  5:25  Baneling  
  82  5:26  Drone x4  
  82  5:28  Drone x2  
  88  5:31  Extractor  
  86  5:38  Zergling x4  
  80  5:47  Zergling x10  
  80  5:48  Drone  
  80  5:49  Drone  
  78  5:52  Drone  
  78  5:53  Drone x2  
  75  5:58  Drone x5  
  75  5:59  Drone  
  81  6:05  Drone x3  
  81  6:06  Extractor  
  81  6:07  Extractor  
  82  6:15  Drone x3  
  85  6:19  Overseer  
  85  6:23  Drone  
  86  6:26  Drone  
  86  6:27  Drone x4  
  91  6:33  Zerg Flyer Weapons Level 1, Overlord, Hatchery  
  91  6:35  Spore Crawler  
  91  6:37  Mutalisk x3  
  94  6:43  Evolution Chamber  
  94  6:45  Evolution Chamber, Mutalisk x2  
  96  6:49  Mutalisk x2  
  96  6:53  Zergling x6  
  103  6:54  Pneumatized Carapace  
  103  6:56  Drone  
  103  7:00  Drone x4  
  108  7:02  Mutalisk  
  110  7:10  Zerg Ground Armor Level 1  
  110  7:12  Drone x3  
  110  7:14  Overlord x2  
  113  7:17  Zerg Melee Weapons Level 1  
  113  7:20  Baneling x3  
  113  7:21  Overlord x2  
  113  7:26  Extractor  
  113  7:27  Overlord  
  113  7:28  Extractor  
  107  7:37  Drone x5  
  107  7:38  Drone x3  
  107  7:43  Drone x3  
  118  7:49  Hatchery  
  117  7:51  Drone x3  
  117  7:52  Drone x3  
  117  7:55  Mutalisk x2  
  117  7:56  Centrifical Hooks  
  127  8:01  Mutalisk x2  
  132  8:05  Zergling x2  
  132  8:07  Drone  
  132  8:09  Drone  
  134  8:13  Mutalisk x3  
  134  8:14  Mutalisk  
  134  8:17  Overlord x2  
  134  8:18  Unknown  
  141  8:21  Overlord  
  141  8:23  Mutalisk x2  
  145  8:30  Mutalisk x2  
  149  8:35  Hatchery  
  149  8:37  Drone  
  149  8:38  Drone x7  
  156  8:41  Zergling x4  
  156  8:42  Zergling x2  
  156  8:46  Baneling x5  
  159  8:49  Mutalisk x3  
  159  8:55  Baneling x4  
  165  8:56  Baneling  
  165  8:57  Zergling x6  
  167  9:04  Overlord x5  
  167  9:09  Mutalisk x3  
  173  9:12  Overlord  
  169  9:21  Zergling x8  
  169  9:23  Baneling x13  
  162  9:32  Zergling x38  
  162  9:38  Zerg Flyer Weapons Level 2  
  181  9:41  Zerg Melee Weapons Level 2  
  181  9:42  Zerg Ground Armor Level 2  
  181  9:45  Mutalisk  
  181  9:48  Mutalisk  
  181  9:50  Zergling x14  
  175  10:05  Mutalisk x4  
  181  10:07  Mutalisk  
  181  10:09  Zergling x30  
  197  10:18  Extractor  
  197  10:20  Drone x3, Infestation Pit  
  198  10:23  Baneling x13  
  198  10:30  Baneling x8  
  198  10:37  Spine Crawler  
  198  10:39  Spine Crawler  
  198  10:40  Spine Crawler x2  
  198  10:41  Drone x3  
  198  10:42  Drone x3  
  199  10:49  Overlord x2  
  199  10:53  Spine Crawler  
  199  10:54  Drone  
  196  10:58  Zergling x12  
  197  11:05  Hive  
  197  11:06  Baneling x23  
  196  11:14  Drone x3  
  196  11:17  Zergling x6  
  200  11:23  Baneling x25  
  199  11:33  Zergling x2  
  199  11:37  Zergling x10  
  189  11:40  Zergling x2  
  189  11:41  Zergling x22  
  199  11:49  Zergling x2  
  196  11:58  Zergling x20  
  196  11:59  Zergling x2  
  192  12:03  Baneling x14  
  192  12:05  Zergling x22  
  195  12:11  Zergling x20  
  187  12:21  Zergling x36  
  182  12:24  Mutalisk x2  
  182  12:25  Mutalisk x4  
  175  12:32  Zergling x2  
  156  12:42  Mutalisk x3  
  156  12:43  Mutalisk x2  
  136  12:47  Baneling x2  
  136  12:48  Baneling x3  
  136  12:49  Zergling x14  
  136  12:50  Zergling x10  
  143  12:56  Mutalisk  
  143  12:57  Zergling x12, Mutalisk  
  140  13:01  Mutalisk x2  
  140  13:02  Zergling x2  
  136  13:15  Zergling x2  
  136  13:16  Zergling x14  
  133  13:25  Baneling x2  
Show
View Real Time Build Order
Export as new Build Order

INnoVation Terran 

Build Orders: Reaper Expand 

Get SALT Encoding   

  12  0:00  SCV  
  13  0:13  SCV  
  14  0:17  Supply Depot  
  14  0:25  SCV  
  15  0:39  SCV  
  15  0:40  Barracks  
  16  0:43  Refinery  
  16  0:51  SCV  
  17  1:03  SCV  
  18  1:15  SCV  
  19  1:27  Orbital Command, Reaper  
  20  1:39  Command Center  
  20  1:50  Supply Depot  
  20  1:53  SCV  
  21  1:59  Marine  
  22  2:05  SCV  
  22  2:07  Factory  
  23  2:12  Refinery  
  23  2:17  SCV  
  23  2:21  Barracks Reactor  
  24  2:29  SCV  
  25  2:41  SCV  
  26  2:51  Orbital Command  
  26  2:52  Starport  
  26  2:53  SCV  
  27  3:03  Hellion x2  
  31  3:05  SCV  
  31  3:06  Barracks Tech Lab  
  32  3:13  Supply Depot  
  32  3:18  SCV x2  
  34  3:24  Hellion  
  34  3:25  Hellion  
  38  3:30  Fusion Core  
  38  3:31  SCV x2  
  40  3:43  SCV x2, Supply Depot  
  42  3:53  Command Center  
  42  3:57  SCV x2  
  42  4:00  Hellion  
  46  4:03  Hellion  
  46  4:09  SCV x2  
  50  4:21  Battlecruiser  
  56  4:25  Supply Depot  
  56  4:27  SCV  
  56  4:28  SCV  
  58  4:32  Refinery  
  58  4:34  Refinery  
  58  4:38  Hellion  
  60  4:39  Hellion  
  60  4:45  Supply Depot  
  62  4:46  SCV x2  
  62  4:50  Weapon Refit  
  64  4:58  SCV  
  64  4:59  SCV  
  66  5:02  Hellion x2  
  66  5:05  Orbital Command  
  70  5:11  SCV x2  
  72  5:25  Hellion x2  
  72  5:26  Battlecruiser  
  72  5:27  SCV x2  
  84  5:32  Orbital Command, Supply Depot  
  82  5:47  SCV x2  
  82  5:49  Hellion  
  81  5:50  Hellion  
  81  5:51  Factory  
  81  5:52  Factory  
  75  5:57  SCV  
  75  5:59  SCV  
  73  6:04  Armory  
  73  6:05  Armory  
  73  6:07  SCV  
  73  6:09  SCV  
  73  6:11  SCV, Hellion  
  74  6:12  Hellion  
  74  6:13  Barracks Tech Lab  
  74  6:17  Refinery  
  78  6:19  SCV  
  78  6:21  SCV  
  78  6:23  SCV, Engineering Bay  
  78  6:24  Refinery  
  81  6:30  Battlecruiser  
  87  6:33  SCV  
  87  6:34  SCV  
  87  6:35  SCV  
  87  6:39  Supply Depot  
  90  6:40  Supply Depot, Factory Tech Lab  
  90  6:45  SCV  
  90  6:46  SCV  
  92  6:47  SCV  
  93  6:56  Missile Turret  
  93  7:00  Cyclone x2, Terran Vehicle Weapons Level 1  
  93  7:01  SCV x3  
  102  7:04  Supply Depot  
  102  7:09  Supply Depot  
  102  7:14  Terran Vehicle And Ship Armor Level 1  
  102  7:16  SCV  
  102  7:17  SCV x2  
  102  7:20  Barracks Reactor  
  102  7:22  Factory  
  105  7:23  Factory  
  105  7:24  Missile Turret  
  105  7:25  Missile Turret  
  105  7:27  Missile Turret  
  105  7:35  SCV x2  
  105  7:36  SCV, Cyclone x2  
  114  7:43  Hellion  
  114  7:44  Hellion  
  118  7:52  Command Center  
  118  8:01  Starport Reactor  
  118  8:06  Supply Depot  
  118  8:07  Factory Tech Lab  
  118  8:08  Thor x2  
  118  8:09  Missile Turret  
  118  8:10  Hellion  
  132  8:15  Supply Depot  
  132  8:18  Supply Depot  
  132  8:19  Supply Depot  
  132  8:21  Infernal Pre-Igniter  
  132  8:31  Cyclone, Hellion  
  132  8:32  Hellion x2  
  140  8:35  Mag-Field Accelerator  
  140  8:37  Hellion  
  140  8:38  Supply Depot x2  
  142  8:45  Factory  
  142  8:47  Factory  
  141  8:56  Cyclone  
  141  8:57  Cyclone, Hellion x3  
  141  8:58  Hellion  
  141  8:59  SCV x3  
  158  9:03  Missile Turret, Cyclone  
  161  9:14  Terran Vehicle And Ship Armor Level 2, Terran Vehicle Weapons Level 2  
  161  9:16  SCV x3  
  164  9:20  Missile Turret  
  164  9:23  Hellion x2  
  168  9:24  Hellion x6  
  142  9:34  Factory Reactor, Factory Tech Lab  
  142  9:35  Factory  
  142  9:36  SCV x2  
  142  9:37  SCV  
  142  9:38  Planetary Fortress  
  145  9:40  Refinery  
  145  9:41  Refinery  
  145  9:42  Cyclone  
  145  9:44  Hellion  
  150  9:47  Smart Servos  
  145  9:53  SCV x3  
  145  9:56  Missile Turret  
  134  10:00  Cyclone x2  
  134  10:02  Hellion x3  
  134  10:05  SCV  
  144  10:09  Cyclone  
  144  10:10  SCV x2  
  144  10:12  Refinery  
  144  10:13  Hellion x2  
  153  10:17  SCV  
  153  10:19  Hellion  
  153  10:20  Cyclone  
  159  10:24  Missile Turret  
  159  10:26  Missile Turret  
  159  10:32  Cyclone  
  159  10:33  Cyclone  
  165  10:39  Hellion x2  
  165  10:40  Hellion x2  
  165  10:41  Cyclone, Sensor Tower  
  176  10:43  Hellion  
  176  10:44  Hellion  
  178  10:53  SCV  
  178  10:54  SCV x3  
  178  10:55  Cyclone  
  173  11:05  Cyclone, Supply Depot  
  173  11:07  Supply Depot  
  173  11:08  Supply Depot  
  176  11:17  Cyclone  
  179  11:23  Supply Depot  
  179  11:27  Cyclone, Hellion x3  
  179  11:29  Hellion x2  
  179  11:30  Missile Turret  
  179  11:32  Missile Turret  
  186  11:42  Command Center  
  186  11:44  Cyclone  
  188  11:49  Missile Turret, Cyclone  
  188  11:53  Cyclone  
  161  12:01  Cyclone  
  153  12:14  Hellion  
  149  12:16  Cyclone  
  149  12:21  Cyclone  
  127  12:25  Cyclone  
  124  12:33  Cyclone  
  118  12:41  Factory Tech Lab  
  118  12:42  Hellion x2  
  105  12:46  Hellion  
  105  12:48  Cyclone  
  110  12:53  Cyclone  
  110  12:58  Cyclone, Hellion  
  108  13:18  Hellion  
Tags
 
Add a new tag
Caveats
  • Supply blocks, unpowered buildings, or Contaminate may cause inaccurate times.
  • Supply counts are checked every 10 seconds.